 Dungeon Crawl Stone Soup version 0.19.1-1-g22dce08 (webtiles) character file.

44 Alarkh the Chopper (level 3, 29/29 HPs)
             Began as a Demonspawn Monk on Jan 7, 2017.
             Quit the game on level 2 of the Dungeon.
             The game lasted 00:00:57 (1087 turns).

Alarkh the Chopper (Demonspawn Monk)                Turns: 1087, Time: 00:00:58

Health: 29/29      AC:  2    Str: 11    XL:     3   Next: 39%
Magic:  3/3        EV: 13    Int: 12    God:
Gold:   50         SH:  0    Dex: 15    Spells: 0 memorised, 2 levels left

rFire  . . .     SeeInvis .     a - +0 hand axe
rCold  . . .     Gourm    .     b - +0 robe
rNeg   . . .     Faith    .     (no shield)
rPois  .         Spirit   .     (no helmet)
rElec  .         Reflect  .     (no cloak)
rCorr  .         Harm     .     (no gloves)
MR     .....                    (no boots)
Stlth  ++........               (no amulet)
                                (no ring)
                                (no ring)

@: no status effects
A: talons 1, powered by death 1
a: no special abilities


You were on level 2 of the Dungeon.
You were not hungry.

You visited 1 branch of the dungeon, and saw 2 of its levels.

You collected 50 gold pieces.

Inventory:

Hand Weapons
 a - a +0 hand axe (weapon)
Armour
 b - a +0 robe (worn)
Scrolls
 e - a scroll of immolation {unknown}
 f - a scroll of remove curse {unknown}
Comestibles
 c - a bread ration
 d - 3 chunks of flesh
 g - a meat ration


   Skills:
 - Level 3.0 Fighting
 + Level 4.0 Axes
 - Level 2.6 Dodging
 - Level 1.7 Stealth


You had 2 spell levels left.
You didn't know any spells.

Dungeon Overview and Level Annotations

Branches:
Dungeon (2/15)

Altars:


Innate Abilities, Weirdness & Mutations

You have sharp toenails.
You regenerate a little health from kills.


Message History

You see here a plate armour.
Found 28 stones.
A dart slug comes into view.
A dart slug is nearby!
A dart slug is nearby!
The helpless dart slug fails to defend itself.
You slash the dart slug!
The dart slug is almost dead.
The dart slug launches a dart at you. The slug dart misses you.
You hit the dart slug.
You kill the dart slug!
No target in view!
No target in view!
No target in view!
No target in view!
No target in view!
A frilled lizard comes into view.
A frilled lizard is nearby!
Are you sure you want to abandon this character and quit the game? (Confirm with "yes".)

#l #.. ###.###.#
.....#.### #.......#
#.......# #(......#
#.......# #....@..#
#.......# #.).....#
#.##..### #.##..###
#.##....# #.##.##.#
#.##.##.#
#.########.##.##.####


You could see a frilled lizard (sleeping).

Vanquished Creatures
  An ooze (D:1)
  A dart slug (D:2)
  2 leopard geckos (D:1)
  3 bats (D:1)
  6 goblins (D:1)
  A hobgoblin (D:1)
  4 jackals (D:1)
  A quokka (D:2)
  A ball python (D:1)
  2 frilled lizards (D:1)
  7 kobolds
  4 rats
33 creatures vanquished.

Notes
Turn   | Place    | Note
-------+----------+-------------------------------------------
     0 | D:1      | Alarkh the Demonspawn Monk began the quest for the Orb.
     0 | D:1      | Reached XP level 1. HP: 18/18 MP: 1/1
     2 | D:1      | Noticed a ghoul
     2 | D:1      | Noticed a merfolk
     4 | D:1      | Noticed a gargoyle
     4 | D:1      | Noticed a naga
     6 | D:1      | Noticed a draconian
     8 | D:1      | Noticed a troll
     8 | D:1      | Noticed a minotaur
    10 | D:1      | Noticed a dwarf
    12 | D:1      | Noticed a vine stalker
    12 | D:1      | Noticed a tengu
    14 | D:1      | Noticed a centaur
    14 | D:1      | Noticed an elf
    16 | D:1      | Noticed an octopode
    18 | D:1      | Noticed a spriggan
    18 | D:1      | Noticed a felid
    20 | D:1      | Noticed a human
    20 | D:1      | Noticed an ogre
    22 | D:1      | Noticed a demonspawn
    22 | D:1      | Noticed a halfling
    24 | D:1      | Noticed a vampire
    26 | D:1      | Noticed a demigod
    26 | D:1      | Noticed a formicid
    50 | D:1      | Reached skill level 3 in Axes
   149 | D:1      | Gained mutation: You have sharp toenails. [demonic ancestry]
   149 | D:1      | Reached XP level 2. HP: 21/24 MP: 2/2
   793 | D:1      | Gained mutation: You regenerate a little health from kills. [demonic ancestry]
   793 | D:1      | Reached XP level 3. HP: 22/29 MP: 3/3
  1039 | D:2      | Reached skill level 4 in Axes
  1087 | D:2      | Quit the game

Skill      XL: |  1  2  3 |
---------------+----------+-----
Axes           | 3 4 |  4.0
Fighting       | |  3.0
Dodging        | |  2.6
Stealth        | |  1.7

Action                   || total
-------------------------++-------
Melee: Hand axe          ||    98
       Kick              ||    18
 Stab: Sleeping          ||     4
  Eat: Chunk             ||     1
Armor: Robe              ||    19
Dodge: Dodged            ||    78
